 Dungeon Crawl Stone Soup version 0.17-a0-1632-g0af21bd (webtiles) character file.

56 maniek23 the Grave Robber (level 3, -9/24 HPs)
             Began as a Vampire Necromancer on Aug 3, 2015.
             Killed by divine providence
             ... invoked by an orc priest
              (14 damage)
             ... on level 3 of the Dungeon.
             The game lasted 00:05:56 (2186 turns).

maniek23 the Grave Robber (Vampire Necromancer)     Turns: 2186, Time: 00:05:56

Health: -9/24      AC:  3    Str:  7    XL:     3   Next: 71%
Magic:  1/6        EV: 13    Int: 17    God:
Gold:   130        SH:  0    Dex: 15    Spells: 2 memorised, 4 levels left

rFire  . . .     SeeInvis +     k - -1 dagger (curse)
rCold  . . .     Clarity  .     m - +1 robe {rN+}
rNeg   + . .     SustAt   .     (no shield)
rPois  .         Gourm    .     (no helmet)
rElec  .         Spirit   .     (no cloak)
rCorr  .         Warding  .     (no gloves)
rMut   .         Stasis   .     (no boots)
MR     .....                    (no amulet)
Stlth  +++.......               (no ring)
                                (no ring)

@: regenerating quickly, not resistant to hostile enchantments, fairly stealthy
A: fangs 3, see invisible, unbreathing
a: no special abilities


You were on level 3 of the Dungeon.
You were full.

You visited 1 branch of the dungeon, and saw 3 of its levels.

You collected 130 gold pieces.

Inventory:

Hand weapons
 f - a +0 dagger
 k - a cursed -1 dagger (weapon)
 l - a +0 short sword
Armour
 a - a +0 robe
 m - a +1 robe of positive energy (worn)
Scrolls
 e - 2 scrolls of noise
 g - a scroll of identify {unknown}
 h - a scroll of teleportation {unknown}
 i - 2 scrolls of magic mapping
 j - 2 scrolls of recharging {unknown}
 o - a scroll of blinking {unknown}
Potions
 c - 6 potions of blood
 d - 2 potions of cure mutation {unknown}
 n - a potion of curing {unknown}
 p - a potion of lignification {unknown}
 q - a potion of might {unknown}
 r - a potion of degeneration {unknown}
Books
 b - a book of Necromancy

   Spells                             Type                      Level
   a - Pain                           Necromancy                   1
   b - Animate Skeleton               Necromancy                   1
   c - Vampiric Draining              Necromancy                   3
   d - Regeneration                   Charms/Necromancy            3
   e - Animate Dead                   Necromancy                   4
   f - Control Undead                 Necromancy                   4


   Skills:
 + Level 0.1 Fighting
 + Level 0.2 Short Blades
 + Level 3.3 Dodging
 + Level 3.8 Stealth
 + Level 2.2 Spellcasting
 + Level 4.8 Necromancy


You had 4 spell levels left.
You knew the following spells:

 Your Spells              Type           Power        Failure   Level  Hunger
a - Pain                  Necr           ###.         2%          1    #......
b - Animate Skeleton      Necr           N/A          2%          1    #......


Dungeon Overview and Level Annotations

Branches:
Dungeon (3/15)

Altars:
Ashenzari
Fedhas
Kikubaaqudgha
Trog


Innate Abilities, Weirdness & Mutations

Your natural rate of healing is unusually fast.
You have razor-sharp teeth.
You have supernaturally acute eyesight.
You can survive without breathing.


Message History

You hit the orc.
The orc is almost dead.
The orc hits your orc skeleton with a club.
Your orc skeleton is destroyed!
The orc barely misses you. x2
The orc shouts!
You hit the orc.
The orc is almost dead.
The orc misses you.
Casting: Pain
Confirm with . or Enter, or press ? or * to list all spells.
Aiming: Pain
Press: ? - help, Shift-Dir - straight line, f - orc, p - orc
Aim: an orc, wielding a club (heavily wounded, chance to defeat MR: 89%)
The orc convulses in agony!
You kill the orc!
The orc priest calls down the wrath of Beogh upon you.
Something smites you!
Ouch! That really hurt!
You die...

#. #. .. ## .##.##.
.## ......#..#
#..#....##..
######..##.#.....
#.<........)#######
#.####.)##ooo......
#.# #..###)######
#.# #..# #@# #.#
#..# #.#
######.####..# #.#
..........#..# #.#
...##..#.#...###.#
.#....>..........#
...##..#.#...#####
#. #.....#..# #
#.....#..#


You could see an orc priest and 2 orcs.

Vanquished Creatures
  An adder (D:2)
  2 orcs (D:3)
  4 bats
  3 giant cockroaches
  6 goblins (D:1)
  7 hobgoblins
  11 kobolds
  7 rats
41 creatures vanquished.

Vanquished Creatures (collateral kills)
  A hobgoblin (D:1)
1 creature vanquished.

Grand Total: 42 creatures vanquished

Notes
Turn   | Place    | Note
--------------------------------------------------------------
     0 | D:1      | maniek23 the Vampire Necromancer began the quest for the Orb.
     0 | D:1      | Reached XP level 1. HP: 13/13 MP: 3/3
   411 | D:1      | Reached XP level 2. HP: 17/19 MP: 5/5
   476 | D:1      | Learned a level 1 spell: Animate Skeleton
   846 | D:1      | Reached XP level 3. HP: 5/24 MP: 3/6
  1311 | D:1      | Found a shattered altar of Ashenzari.
  1676 | D:2      | Found a bloodstained altar of Trog.
  1995 | D:2      | Found an ancient bone altar of Kikubaaqudgha.
  2000 | D:2      | Found a blossoming altar of Fedhas.
  2186 | D:3      | Killed from afar by an orc priest

Vault maps used:
D:1:      dpeg_arrival_lava_altar
D:2:      grunt_temple_overflow_growth_and_decay, lightli_temple_of_fire,
          serial_forest, infiniplex_forest_straight_4,
          infiniplex_forest_clump_tiny, infiniplex_forest_clump_double,
          infiniplex_forest_clump_long, infiniplex_forest_clump_double,
          infiniplex_forest_side_room
D:3:      nicolae_qazlal_style_of_elements, bloody_makhleb,
          minmay_misc_feat_plants

Action                   || total
-------------------------++-------
Melee: Unarmed           ||    14
       Dagger            ||   175
 Cast: Pain              ||    12
       Animate Skeleton  ||     6
  Use: Scroll            ||     2
 Stab: Sleeping          ||     9
  Eat: Corpse            ||    13
